 Dungeon Crawl Stone Soup version 0.23-a0-414-g0aa8dd0f38 (webtiles) character file.

7723 Naru the Thrower (level 11, 0/156 HPs)
             Began as a Troll Hunter on Nov 9, 2018.
             Was a High Priest of Okawaru.
             Slain by a wolf (7 damage)
             ... on level 1 of the Lair of Beasts.
             The game lasted 00:30:22 (8359 turns).

Naru the Thrower (Troll Hunter)                     Turns: 8359, Time: 00:30:23

Health: 0/156      AC:  9    Str: 27    XL:     11   Next: 0%
Magic:  10/10      EV: 12    Int:  7    God:    Okawaru [*****.]
Gold:   496        SH:  0    Dex: 13    Spells: 10/10 levels left

rFire    + + .     SeeInvis .   o - +2 scimitar (freeze)
rCold    x . .     Gourm    +   (no shield)
rNeg     . . .     Faith    .   d - +1 robe {rF+}
rPois    .         Spirit   .   (helmet restricted)
rElec    .         Reflect  .   G - +2 cloak
rCorr    .         Harm     .   (gloves unavailable)
MR       .....                  (boots unavailable)
Stlth    ..........             (no amulet)
HPRegen  0.76/turn              j - ring of flight
MPRegen  0.12/turn              y - ring of fire

@: berserking, hasted, very quick
A: large, unfitting armour, claws 3, fast metabolism 3, gourmand, regeneration
1, shaggy fur 1, tough skin 2
a: Heroism, Finesse, Renounce Religion, Evoke Flight


You were on level 1 of the Lair of Beasts.
You worshipped Okawaru.
Okawaru was extremely pleased with you.
You were very full.

You visited 3 branches of the dungeon, and saw 11 of its levels.

You collected 496 gold pieces.

Inventory:

Hand Weapons
 o - a +2 scimitar of freezing (weapon)
Missiles
 g - 13 sling bullets
 k - 18 poisoned needles
 l - 127 bolts
 m - 226 stones
 B - 2 javelins of penetration
 H - 2 javelins
 K - a large rock (quivered)
Armour
 d - a +1 robe of fire resistance (worn)
 G - a +2 cloak (worn)
Jewellery
 j - a ring of flight (left claw)
 r - a +3 ring of strength {unknown}
 y - a ring of fire (right claw)
 I - an uncursed amulet of harm {unknown}
Wands
 u - a wand of iceblast (6)
 D - a wand of acid (8)
Scrolls
 b - 2 scrolls of teleportation
 n - 2 scrolls of magic mapping
 q - a scroll of amnesia
 t - 4 scrolls of remove curse
 v - 2 scrolls of enchant weapon
 A - a scroll of noise {unknown}
 F - a scroll of brand weapon
 L - a scroll of identify
Potions
 a - a potion of haste
 c - 4 potions of flight
 e - 3 potions of might
 h - 5 potions of brilliance
 p - a potion of berserk rage
 s - a potion of invisibility {unknown}
 w - 4 potions of degeneration {unknown}
 x - a potion of lignification {unknown}
 z - a potion of agility {unknown}
 C - a potion of heal wounds {unknown}
 M - a potion of magic {unknown}
Comestibles
 f - 20 rations


   Skills:
 * Level 5.5 Fighting
   Level 0.3(4.0) Short Blades
 * Level 6.4 Long Blades
   Level 0.4 Maces & Flails
 + Level 11.9 Throwing
 + Level 4.4 Dodging
 - Level 0.3 Stealth
 * Level 0.6 Invocations


You had 10 spell levels left.
You didn't know any spells.
Your spell library contained the following spells:

 Spells                   Type           Power        Failure   Level  Hunger
 Confusing Touch          Hex            #.....       43%         1    ##.....
 Corona                   Hex            #......      43%         1    ##.....
 Ensorcelled Hibernation  Hex/Ice        #.....       56%         2    ###....
 Confuse                  Hex            #.......     80%         3    ####...
 Dazzling Spray           Conj/Hex       #.....       80%         3    ####...
 Gell's Gravitas          Tloc           #.........   80%         3    ####...
 Tukima's Dance           Hex            #.......     80%         3    ####...
 Cause Fear               Hex            #.........   99%         4    #####..
 Petrify                  Tmut/Erth      #.......     99%         4    #####..
 Metabolic Englaciation   Hex/Ice        #.........   100%        5    ######.
 Silence                  Hex/Air        #.........   100%        5    ######.
 Yara's Violent Unravell  Hex/Tmut       #.........   100%        5    ######.
 Deflect Missiles         Chrm/Air       #.........   100%        6    #######
 Discord                  Hex            #.........   100%        8    #######


Dungeon Overview and Level Annotations

Branches:
Dungeon (9/15)             Temple (1/1) D:4            Lair (1/6) D:8
    Orc: D:9-12

Altars:
Ashenzari
Cheibriados
Dithmenos
Elyvilon
Fedhas
Hepliaklqana
Kikubaaqudgha
Makhleb
Nemelex Xobeh
Okawaru
Qazlal
Ru
Sif Muna
Trog
Uskayaw
Vehumet
Wu Jian
Xom
Yredelemnul
Zin
The Shining One
Beogh

Shops:
D:8 ::   D:9 %

Annotations:
D:6 1 runed door
D:8 exclusion: downstairs


Innate Abilities, Weirdness & Mutations

You are too large for most types of armour.
You have claws for hands.
Your metabolism is lightning-fast.
You like to eat raw meat.
Your natural rate of healing is unusually fast.
You are covered in fur. (AC +1)
You have very tough skin. (AC +2)


Message History

* * * LOW HITPOINT WARNING * * *
The wolf bites you!
* * * LOW HITPOINT WARNING * * *
It was a potion of haste.
You feel yourself speed up. The wolf bites you.
* * * LOW HITPOINT WARNING * * *
The wolf bites you.
* * * LOW HITPOINT WARNING * * *
The wolf barely misses you.
You riposte.
You miss the wolf. The wolf bites you but does no damage.
It was a potion of berserk rage.
A red film seems to cover your vision as you go berserk!
You feel yourself moving faster!
You feel mighty!
The wolf bites you but does no damage. x2; The wolf bites you.
* * * LOW HITPOINT WARNING * * *
You barely miss the wolf.
The wolf is moderately wounded.
The wolf barely misses you.
You riposte.
You closely miss the wolf.
The wolf bites you but does no damage. x2; The wolf barely misses you.
The wolf bites you!
You die...

...###.##.......#P..#
....##.##.......#...##
....##.#........##...#
....##.##.......##..##
.....#.##.......##..#
.......#P.......##..#
.......##.......##..#
.....#.##......h#...#
..............rh@...##
....##.........h##..P#
..>.##..........##...#
.... ...........##..##
.... ..#.....(..#..#
#....(..##..#
#...(..(##..#
#.....((##..#
......(.(#..#


You could see 3 wolves and a porcupine.

Vanquished Creatures
  3 two-headed ogres
  A spiny frog (Lair:1)
  A komodo dragon (D:8)
  A hippogriff (D:7)
  4 hogs (D:7)
  A human (D:7)
  A hungry ghost (D:8)
  Edmund (D:6)
  A water moccasin (D:8)
  4 orc warriors
  4 sky beasts
  2 necrophages
  An ice beast (D:5)
  2 black bears
  3 ogres
  5 phantoms
  A wolf (Lair:1)
  4 centaurs
  6 bullfrogs
  A wyvern skeleton (D:6)
  2 scorpions
  3 crimson imps
  A howler monkey (D:6)
  A quasit (D:6)
  5 hounds
  2 jellies
  6 orc wizards
  5 orc priests
  2 iguanas
  7 worker ants
  2 hound skeletons (D:6)
  A mummy (D:5)
  4 gnolls (D:8)
  A worker ant zombie (D:8)
  14 adders
  4 shadow imps
  An ooze (D:1)
  2 adder skeletons
  An adder zombie (D:6)
  2 worms (D:2)
  A dart slug (D:1)
  9 leopard geckos
  42 orcs
  A ball python (D:1)
  8 bats
  7 giant cockroaches
  8 goblins
  10 hobgoblins
  4 jackals
  12 kobolds
  6 quokkas
  5 frilled lizards
  2 jackal skeletons
  A leopard gecko skeleton (D:5)
  9 rats
238 creatures vanquished.

Vanquished Creatures (others)
  A worker ant (D:8)
  An adder (D:8)
  A leopard gecko (D:8)
  3 plants (D:8)
6 creatures vanquished.

Grand Total: 244 creatures vanquished

Notes
Turn   | Place    | Note
-------+----------+-------------------------------------------
     0 | D:1      | Naru the Troll Hunter began the quest for the Orb.
     0 | D:1      | Reached XP level 1. HP: 19/19 MP: 0/0
   106 | D:1      | Reached skill level 4 in Throwing
   106 | D:1      | Reached XP level 2. HP: 28/28 MP: 1/1
   281 | D:1      | Found a shattered altar of Ashenzari.
   433 | D:1      | Reached XP level 3. HP: 35/35 MP: 2/2
  1284 | D:2      | Noticed a centaur
  1286 | D:2      | Reached XP level 4. HP: 42/42 MP: 3/3
  1293 | D:2      | Killed a centaur
  1293 | D:2      | Reached skill level 5 in Throwing
  1293 | D:2      | Reached XP level 5. HP: 19/49 MP: 4/4
  2132 | D:3      | Found a faded altar of an unknown god.
  2359 | D:4      | Reached XP level 6. HP: 59/59 MP: 5/5
  2467 | D:4      | Reached skill level 6 in Throwing
  2525 | D:4      | Reached skill level 1 in Long Blades
  2762 | D:4      | Found a staircase to the Ecumenical Temple.
  2774 | Temple   | Entered the Ecumenical Temple
  2907 | Temple   | Became a worshipper of Warmaster Okawaru
  3011 | D:4      | Found a hazy altar of Hepliaklqana.
  3248 | D:4      | Reached XP level 7. HP: 67/67 MP: 6/6
  3280 | D:5      | Entered Level 5 of the Dungeon
  3347 | D:5      | Reached skill level 7 in Throwing
  3581 | D:5      | Found a glowing silver altar of Zin.
  3610 | D:5      | Reached * piety under Okawaru
  3676 | D:5      | Found a snail-covered altar of Cheibriados.
  3888 | D:5      | Found a shadowy altar of Dithmenos.
  4067 | D:6      | Reached XP level 8. HP: 21/75 MP: 7/7
  4089 | D:5      | Reached skill level 8 in Throwing
  4558 | D:6      | Found a glowing golden altar of the Shining One.
  4679 | D:6      | Reached ** piety under Okawaru
  4961 | D:6      | Noticed a two-headed ogre
  4965 | D:6      | Killed a two-headed ogre
  4965 | D:6      | Reached *** piety under Okawaru
  4965 | D:6      | Reached skill level 9 in Throwing
  4965 | D:6      | Reached XP level 9. HP: 84/84 MP: 8/8
  5038 | D:6      | Received a gift from Okawaru
  5277 | D:6      | Noticed Edmund
  5285 | D:6      | Killed Edmund
  5568 | D:6      | Found a runed door.
  5754 | D:7      | Reached skill level 5 in Long Blades
  5782 | D:7      | Reached skill level 10 in Throwing
  5939 | D:7      | Reached **** piety under Okawaru
  6289 | D:7      | Received a gift from Okawaru
  6289 | D:7      | Reached XP level 10. HP: 94/94 MP: 9/9
  7153 | D:8      | Noticed a six-headed hydra
  7176 | D:8      | HP: 2/94 [six-headed hydra (7)]
  7182 | D:8      | Received a gift from Okawaru
  7182 | D:8      | Reached skill level 5 in Fighting
  7302 | D:8      | Found Liqifaec's Book Emporium.
  7308 | D:8      | Noticed a two-headed ogre
  7319 | D:8      | Killed a two-headed ogre
  7319 | D:8      | Reached skill level 11 in Throwing
  7329 | D:8      | Noticed a two-headed ogre
  7339 | D:8      | Killed a two-headed ogre
  7494 | D:8      | Found a shimmering altar of Xom.
  7737 | D:8      | Found a roughly hewn altar of Beogh.
  7902 | D:8      | Found Tiruwkoj's Book Shop.
  8031 | D:8      | Found a staircase to the Lair.
  8165 | D:9      | Found Asiluty's Food Shop.
  8205 | Lair:1   | Entered Level 1 of the Lair of Beasts
  8335 | Lair:1   | Noticed a spiny frog
  8345 | Lair:1   | Killed a spiny frog
  8345 | Lair:1   | Reached ***** piety under Okawaru
  8356 | Lair:1   | Received a gift from Okawaru
  8356 | Lair:1   | Reached XP level 11. HP: 20/104 MP: 10/10
  8358 | Lair:1   | HP: 7/156 [wolf (6)]
  8359 | Lair:1   | Slain by a wolf

Vault maps used:
D:1:      dpeg_arrival_houses_and_road, ashenzari_altar_1
D:2:      minmay_cupped
D:3:      chequers_ecumenical_altar_simple_redux
D:4:      lemuel_crystal_altar, minmay_temple_entry_enclosed_plants
D:5:      slow_altar_1, marbit_many_paths, nicolae_overflow_hidden_temple,
          first_ration
D:6:      minmay_opposing_rooms, tso_altar, uniq_crazy_yiuf_cottage, uniq_edmund
D:7:      grunt_livestock
D:8:      xom_confusion_cloud, david_lair_shrubbed, serial_shops, shop,
          kennysheep_mini, special_room
D:9:      grunt_gozag_breadcrumbs, serial_shops,
          nicolae_shop_temple_entry_statues_fountains
Temple:   regret_index_temple_sphere_string
Lair:1:   beast_lair_carwin_6, uniq_gastronok, uniq_erica, uniq_fannar

Skill      XL: |  1  2  3  4  5  6  7  8  9 10 |
---------------+-------------------------------+-----
Throwing       | 4 5 6 7 9 10 11 | 11.9
Fighting       | 2 3 4 5 |  5.5
Dodging        | 2 3 4 |  4.4
Long Blades    | 1 4 5 6 |  6.4
Short Blades   | |  0.3
Maces & Flails | |  0.4
Stealth        | |  0.3
Invocations    | |  0.6

Action                   |  1- 3 |  4- 6 |  7- 9 | 10-12 || total
-------------------------+-------+-------+-------+-------++-------
Melee: Short sword       |    56 |    16 |       |       ||    72
       Whip              |       |    81 |       |       ||    81
       Scimitar          |       |       |   128 |    50 ||   178
Throw: Large rock        |    69 |    29 |    35 |    47 ||   180
       Throwing net      |     6 |       |     4 |     1 ||    11
       Stone             |    13 |    51 |    89 |    67 ||   220
       Javelin           |       |    31 |    81 |    23 ||   135
       Tomahawk          |       |       |    22 |    61 ||    83
  Use: Scroll            |       |    11 |     2 |     7 ||    20
       Potion            |       |       |     1 |     3 ||     4
 Stab: Held in net/web   |       |       |       |     1 ||     1
  Eat: Chunk             |     7 |    16 |    28 |    18 ||    69
       Ration            |     1 |     1 |     2 |       ||     4
Armor: Robe              |    47 |    82 |   163 |    64 ||   356
Dodge: Dodged            |    40 |   126 |   170 |    94 ||   430
       Rpst.: Scimitar   |       |     6 |    44 |    28 ||    78

Table legend:
 A = Non-vault XP
 B = Vault XP
 C = Vault XP percentage of total XP
 D = Non-vault monster count
 E = Vault monster count
 F = Vault count percentage of total count
                 A         B        C        D         E       F
            +---------+---------+-------+---------+---------+-------
      Total |    6530 |    4503 |  40.8 |     181 |      57 |  23.9
            +---------+---------+-------+---------+---------+-------
        D:1 |      59 |       0 |   0.0 |      29 |       0 |   0.0
        D:2 |      45 |     123 |  73.2 |      24 |       3 |  11.1
        D:3 |     110 |       0 |   0.0 |      21 |       0 |   0.0
        D:4 |     512 |       0 |   0.0 |      13 |       0 |   0.0
        D:5 |     455 |      16 |   3.4 |      19 |       1 |   5.0
        D:6 |    1297 |    1365 |  51.3 |      27 |      10 |  27.0
        D:7 |    1183 |     973 |  45.1 |      21 |       5 |  19.2
        D:8 |    2758 |    1344 |  32.8 |      26 |      34 |  56.7
     Lair:1 |     111 |     682 |  86.0 |       1 |       4 |  80.0
            +---------+---------+-------+---------+---------+-------
